 Dungeon Crawl Stone Soup version 0.31-a0-1300-gb6740aa4e6 (webtiles) character file.

Game seed: 6808573749621781894

136 bmb222 the Trooper (level 4, -8/38 HPs)
             Began as a Demonspawn Fighter on Dec 19, 2023.
             Mangled by an iguana (10 damage)
             ... on level 4 of the Dungeon.
             The game lasted 00:02:37 (2741 turns).

bmb222 the Trooper (Demonspawn Fighter)             Turns: 2741, Time: 00:02:38

Health: -8/38      AC:  7    Str: 19    XL:     4   Next: 98%
Magic:  0/4        EV:  9    Int:  8    God:
Gold:   122        SH:  4    Dex: 12    Spells: 3/3 levels left

rFire   . . .        a - +0 flail
rCold   . . .        c - +0 buckler
rNeg    . . .        b - +0 scale mail
rPois   .            (no helmet)
rElec   .            (no cloak)
rCorr   .            (no gloves)
SInv    +            (no boots)
Will    .....        (no amulet) Stlth
                     h - ring of see invisible
HPRegen 0.26/turn    (no ring)
MPRegen 0.18/turn

%: guardian spirit
@: mighty
A: rugged brown scales 1, magic shield, magic regeneration
a: no special abilities


You were on level 4 of the Dungeon.
You visited 1 branch of the dungeon, and saw 4 of its levels.

You collected 122 gold pieces.

Inventory:

Hand Weapons
 a - a +0 flail (weapon)
Armour
 b - a +0 scale mail (worn)
 c - a +0 buckler (worn)
Jewellery
 h - a ring of see invisible (left hand)
Scrolls
 e - 4 scrolls of immolation
 f - 2 scrolls of teleportation {unknown}
 g - a scroll of identify
 j - a scroll of amnesia {unknown}
 m - a scroll of blinking {unknown}
 p - a scroll of vulnerability {unknown}
Potions
 d - a potion of might
 i - a potion of degeneration {unknown}
 k - a potion of curing {unknown}
 l - 2 potions of magic {unknown}
 n - a potion of haste {unknown}
 o - a potion of lignification {unknown}
 q - a potion of brilliance {unknown}
 r - a potion of invisibility {unknown}


   Skills:
 + Level 3.7 Fighting
 * Level 3.5 Maces & Flails
 + Level 3.5 Armour
 - Level 2.7 Shields


You had 3 spell levels left.
You didn't know any spells.
Your spell library contained the following spells:

 Spells                   Type           Power      Damage    Failure   Level
 Ozocubu's Armour         Ice            0%         N/A       99%         3
 Tukima's Dance           Hex            0%         N/A       99%         3
 Dimensional Bullseye     Hex/Tloc       0%         N/A       100%        4
 Iskenderun's Mystic Bla  Conj/Tloc      0%         2d3       100%        4
 Metabolic Englaciation   Hex/Ice        0%         N/A       100%        5
 Simulacrum               Ice/Necr       0%         N/A       100%        6
 Ozocubu's Refrigeration  Ice            0%         4d7       100%        7


Dungeon Overview and Level Annotations

Branches:
Dungeon (4/15)
 Temple: D:4-7

Altars:
Nemelex Xobeh

Shops:
D:2 ?

Annotations:
D:2 1 runed translucent door, Crazy Yiuf


Innate Abilities, Weirdness & Mutations

You are partially covered in rugged brown scales. (AC +1, +3% HP)
When hurt, damage is shared between your health and your magic reserves.
You regenerate magic rapidly.


Message History

The hobgoblin attacks as it pursues you!
The hobgoblin hits you but does no damage.
The hobgoblin attacks as it pursues you!
The hobgoblin hits you.
The hobgoblin attacks as it pursues you!
The hobgoblin hits you but does no damage.
An iguana comes into view.
The iguana hisses angrily.
You hit the hobgoblin.
The hobgoblin is moderately wounded.
The hobgoblin closely misses you.
The hobgoblin hits you but does no damage.
You thump the hobgoblin!
You kill the hobgoblin!
You feel very mighty all of a sudden. The iguana bites you.
* * * LOW HITPOINT WARNING * * *
You block the giant cockroach's attack.
You closely miss the iguana.
The iguana is lightly wounded.
The iguana bites you!
* * * LOW HITPOINT WARNING * * *
The giant cockroach bites you but does no damage.
The iguana bites you!
* * * LOW HITPOINT WARNING * * *
You barely miss the iguana.
The iguana is lightly wounded.
The giant cockroach splashes around in the water.
The iguana bites you!
* * * LOW HITPOINT WARNING * * *
The giant cockroach bites you but does no damage.
You barely miss the iguana.
The iguana is lightly wounded.
You block the giant cockroach's attack. The iguana closely misses you.
As you read the scroll labelled HETWAR QYNIRR, it crumbles to dust.
It is a scroll of identify.
e - 4 scrolls of immolation The giant cockroach bites you but does no damage.
The iguana bites you!
You die...

.~≈≈P≈≈~♣ ..# ♣≈~.≈≈≈≈P~~♣♣#
..# ♣~~.≈≈P~P~~PP #.#
~♣♣♣P~~.~~~≈~~~~ ####.#
~~P~~~~.~~~~~P~####....#
≈~~~P~~.~~~~ ♣.#.....#.###.#
~~~~~~~.~~~ #.#.....#.....#
.......$.~B♣##.#..)..#.###.#
~~≈ ~~♣..♣♣@##.#.....#.# #.#
P≈PP♣♣...##l##.......#.# #..
♣~...###.####.##+##.# #..
♣~♣....##........#.##.# #..
....................##.###))
###.♣.♣♣..♣♣.......###......
~P ♣♣ ♣♣♣♣♣♣♣...#.######...
♣♣ ♣P♣~~♣#..........
~~~~P~♣♣~#####.)..


You could see an iguana and a giant cockroach.

Vanquished Creatures
  An orc wizard (D:4)
  3 gnolls
  An adder (D:3)
  3 dart slugs
  3 orcs
  4 bats
  4 endoplasms
  5 giant cockroaches
  3 goblins
  10 hobgoblins
  A jackal (D:3)
  7 kobolds
  7 ball pythons
  8 frilled lizards
  2 rats (D:1)
62 creatures vanquished.

Notes
Turn   | Place    | Note
-------+----------+-------------------------------------------
     0 | D:1      | bmb222 the Demonspawn Fighter began the quest for the Orb.
     0 | D:1      | Reached XP level 1. HP: 18/18 MP: 1/1
    91 | D:1      | Gained mutation: You are partially covered in rugged brown
                  | scales. (AC +1, +3% HP) [demonic ancestry]
    91 | D:1      | Reached XP level 2. HP: 17/24 MP: 2/2
   938 | D:2      | Gained mutation: You regenerate magic rapidly. [demonic
                  | ancestry]
   938 | D:2      | Reached XP level 3. HP: 28/29 MP: 3/3
   969 | D:2      | Found a runed translucent door.
   970 | D:2      | Noticed Crazy Yiuf
  1258 | D:2      | Found Kiged's Magic Scroll Shoppe.
  1960 | D:3      | Gained mutation: When hurt, damage is shared between your
                  | health and your magic reserves. [demonic ancestry]
  1960 | D:3      | Reached XP level 4. HP: 36/36 MP: 4/4
  2524 | D:3      | Found a sparkling altar of Nemelex Xobeh.
  2739 | D:4      | HP: 1/38 [iguana (9)]
  2741 | D:4      | Mangled by an iguana

Illustrated notes

Levels and vault maps discovered:
D:1:      roderic_crossed_star, layout_basic
D:2:      layout_rooms, serial_shops, nicolae_shop_advertising_works
          [nicolae_subvault_shop_adworks], minmay_mini_jars,
          uniq_crazy_yiuf_cottage
D:3:      minmay_recursive_quarters, layout_loops_ring,
          mainiacjoe_overflow_surrounded_room, grunt_ministairs_8,
          kennysheep_generic_room_8
D:4:      layout_basic, serial_bayou, serial_bayou_lake_a,
          serial_bayou_lagoon_b, serial_bayou_pond_c, serial_bayou_ford_a,
          grunt_decor_cap, nicolae_custom_books

Skill      XL: |  1  2  3 |
---------------+----------+-----
Maces & Flails | 2 3 |  3.5
Armour         | 3 |  3.5
Fighting       | |  3.7
Shields        | |  2.7

Action                     |  1- 3 |  4- 6 || total
---------------------------+-------+-------++-------
  Melee: Flail             |   126 |    49 ||   175
    Use: Scroll            |       |     1 ||     1
         Potion            |       |     1 ||     1
 Armour: Scale mail        |    87 |    50 ||   137
  Dodge: Dodged            |    73 |    18 ||    91
  Block: Buckler           |    33 |    19 ||    52

Table legend: (Time is in decaauts)
 A = Elapsed time spent in this place.
 B = Non-inter-level travel time spent in this place.
 C = Inter-level travel time spent in this place.
 D = Time resting spent in this place.
 E = Time spent auto-exploring this place.
 F = Levels seen in this place.
 G = Mean time per level.
                   A        B        C        D        E       F      G
               +--------+--------+--------+--------+--------+-----+--------+
         Total |   2801 |   2651 |    150 |    129 |   2037 |   4 |  700.2 |
       Dungeon |   2801 |   2651 |    150 |    129 |   2037 |   4 |  700.2 |
               +--------+--------+--------+--------+--------+-----+--------+

Top non-repeatable levels by time:
     D:3: 1069 daAuts
     D:1: 883 daAuts
     D:2: 681 daAuts
     D:4: 167 daAuts
